Cogmind - Beta 9.2 @@@ ROGUE MODE // 2019.11.13 @ 23:31:32 Player: SpaceKatdet Result: Destroyed by B-75 Beast with Heavy Machine Gun Performance ------------- Evolutions (3) 1500 Regions Visited (6) 1200 Robots Destroyed (42) 210 Value Destroyed (1060) 1060 Prototype IDs (1) 20 Alien Tech Used (0) 0 Bonus (0) 0 TOTAL SCORE: 3990 Bonus ------- None Cogmind --------- Core Integrity 0/700 Matter 218/300 Energy 100/100 System Corruption 0% Temperature Cool (12) Movement Core (50) Location -7/Lower Caves Parts ------- > --- POWER (1) -------- (None) > --- PROPULSION (4) --- (None) > --- UTILITY (5) ------ System Shield > --- WEAPON (3) ------- (None) > --- INVENTORY (4) ---- Heavy Laser Improved Light Cannon Peak State ------------ > --- POWER ------------ Deuterium Engine > --- PROPULSION ------- Armored Wheel Armored Wheel Armored Wheel > --- UTILITY ---------- Small Storage Unit High-capacity Storage Unit Targeting Computer Improved Targeting Computer System Shield > --- WEAPON ----------- Assault Cannon Assault Cannon Assault Cannon > --- INVENTORY -------- Improved Carbon-fiber Leg Improved Titanium Leg VTOL Module VTOL Module VTOL Module Improved Sensor Array System Shield Particle Gun Heavy Laser Heavy Assault Rifle Barrage Gun Flak Gun Improved Light Cannon [Rating: 29] Favorites ----------- Power Ion Engine Engine Ion Engine Propulsion Armored Wheel Treads Light Treads Leg Improved Titanium Leg Wheel Armored Wheel Flight Unit VTOL Module Utility Small Storage Unit Device Improved Heat Sink Storage Small Storage Unit Processor Targeting Computer Hackware System Shield Protection Light Armor Plating Weapon Assault Cannon Energy Gun Particle Gun Ballistic Gun Heavy Assault Rifle Ballistic Cannon Assault Cannon Launcher Grenade Launcher Build | -11 -10 -9 -8 -7 -7 -7 ------- Run | Scr Mat Mat Mat Fac Low Low Slots Evolved 6 | . . 2 2 2 . . Power . | . . . . . . . Propulsion 2 | . . . 1 1 . . Utility 3 | . . 2 . 1 . . Weapon 1 | . . . 1 . . . Parts Attached 45 | 6 3 7 13 3 3 10 Power 3 | 1 . 1 1 . . . Engine 3 | 1 . 1 1 . . . Core . | . . . . . . . Reactor . | . . . . . . . Propulsion 12 | 2 . 1 4 . . 5 Treads 4 | 2 . 1 1 . . . Leg 2 | . . . . . . 2 Wheel 3 | . . . 3 . . . Hover . | . . . . . . . Flight 3 | . . . . . . 3 Utility 13 | 1 1 4 2 2 1 2 Device 4 | . . 2 1 . . 1 Storage 3 | 1 1 . . 1 . . Processor 2 | . . . 1 . 1 . Hackware 2 | . . . . 1 . 1 Protection 2 | . . 2 . . . . Artifact . | . . . . . . . Weapon 17 | 2 2 1 6 1 2 3 Energy Gun 6 | 2 1 . 1 1 1 . Energy Cannon . | . . . . . . . Ballistic Gun 4 | . . . 1 . . 3 Ballistic Cannon 5 | . . . 4 . 1 . Launcher 2 | . 1 1 . . . . Special Weapon . | . . . . . . . Impact Weapon . | . . . . . . . Slashing Weapon . | . . . . . . . Piercing Weapon . | . . . . . . . Special Melee Weapon . | . . . . . . . Unidentified Prototypes 1 | . . . 1 . . . Parts Lost 30 | . 1 1 13 . 3 12 Power 2 | . . . 1 . 1 . Propulsion 8 | . . 1 3 . . 4 Utility 8 | . . . 3 . . 5 Weapon 12 | . 1 . 6 . 2 3 Highest Loss Streak 11 | . 1 1 11 . 2 7 Average Slot Usage (%) 82 | . 93 99 66 75 90 57 Engine 7 | . 14 11 6 7 6 . Treads 9 | . 28 21 10 . . . Wheel 9 | . . . 6 23 23 . Flight 1 | . . . . . . 11 Device 2 | . . 6 8 . . 1 Storage 13 | . 24 15 9 11 15 5 Processor 6 | . . . 1 7 14 11 Hackware 3 | . . . . 4 7 7 Protection 5 | . . 22 4 . . . Energy Gun 7 | . 12 11 8 5 6 . Ballistic Gun 2 | . . . . . . 14 Ballistic Cannon 6 | . . . 7 15 15 . Launcher 4 | . 12 10 3 . . . Naked Turns . | . . . . . . . Heaviest Build 58 | 12 18 24 24 58 58 15 Greatest Support 40 | 40 40 40 40 36 36 38 Greatest Overweight (x) 4 | 2 . . 4 1 1 . Average Overweight (x) . | . . . . . 1 . Largest Inventory Capacity 14 | 6 6 6 6 14 14 14 Average Capacity 8 | 5 6 6 6 10 14 5 Most Carried 14 | 3 6 6 6 9 14 12 Average Carried 6 | 1 4 5 3 5 11 4 Final Capacity 14 | 6 6 6 6 14 14 4 Final Carried 12 | 3 6 5 . 9 12 2 Class Distribution -------------------- 58% | Mutant 35% | Gunner 4% | Bomber Dominant Class ---------------- Mutant | -10/Materials Mutant | -9/Materials Mutant | -8/Materials Gunner | -7/Factory Gunner | -7/Lower Caves Mutant | -7/Lower Caves Resources | -11 -10 -9 -8 -7 -7 -7 ----------- Run | Scr Mat Mat Mat Fac Low Low Matter Collected 996 | 260 156 130 173 26 222 29 Remotely . | . . . . . . . Salvage Created 990 | . 468 247 140 26 109 . Parts 64 | . 23 24 9 . 8 . Haulers Intercepted . | . . . . . . . Recyclers Shooed 2 | . 2 . . . . . Parts Field Recycled . | . . . . . . . Retrieved Matter . | . . . . . . . Parts Self-Destructed 8 | . . . . . 8 . Prevented . | . . . . . . . Kills | -11 -10 -9 -8 -7 -7 -7 ------- Run | Scr Mat Mat Mat Fac Low Low Combat Hostiles Destroyed 30 | . 6 12 6 1 5 . Melee 1 | . . . 1 . . . Guns 6 | . 1 5 . . . . Cannons 11 | . . . 5 1 5 . AOE 12 | . 5 7 . . . . Classes Destroyed 7 | . 5 2 . . . . Worker 1 | . 1 . . . . . Builder 4 | . 1 3 . . . . Recycler 4 | . 4 . . . . . Watcher 3 | . 3 . . . . . Swarmer 13 | . . 7 2 . 4 . Grunt 12 | . 6 3 3 . . . Sentry 5 | . . 2 1 1 1 . Best Kill Streak 13 | . 13 7 5 1 3 . Combat Bots Only 6 | . 6 6 5 1 3 . Max Kills in Single Turn 3 | . 3 3 1 1 1 . Gunslinging . | . . . . . . . Exploded 2 | . 2 2 . . . . Melee 1 | . . . 1 . . . Uniques/NPCs Destroyed . | . . . . . . . Combat | -11 -10 -9 -8 -7 -7 -7 -------- Run | Scr Mat Mat Mat Fac Low Low Damage Taken 4730 | . 242 412 1722 221 711 1422 Core 1241 | . 32 65 435 39 119 551 Absorbed by Shields 23 | . . 23 . . . . Core Remaining (%) 72 | 100 87 83 20 . . . Volleys Fired 85 | . 15 24 23 5 16 2 Largest 3 | . 2 2 3 3 3 3 Hottest 153 | . 95 95 132 153 153 79 Shots Fired 162 | . 18 37 42 15 44 6 Gun 69 | . 8 24 15 5 11 6 Cannon 70 | . . . 27 10 33 . Launcher 23 | . 10 13 . . . . Special . | . . . . . . . Kinetic 81 | . . . 32 10 33 6 Thermal 52 | . 2 24 10 5 11 . Explosive 23 | . 10 13 . . . . Electromagnetic 6 | . 6 . . . . . Robot Hit Streak 11 | . 3 6 5 5 11 7 Robot Miss Streak 5 | . 1 4 5 1 3 1 Penetration Max . | . . . . . . . Secondary Targets . | . . . . . . . Shots Hit Robots 91 | . 9 21 22 12 21 6 Core Hits 76 | . 25 30 8 3 6 4 Critical Hits 1 | . . . 1 . . . Critical Kills . | . . . . . . . Critical Parts Destroyed 1 | . . . 1 . . . Melee Attacks . | . . . . . . . Impact . | . . . . . . . Slashing . | . . . . . . . Piercing . | . . . . . . . Sneak Attacks . | . . . . . . . Combat Hostiles . | . . . . . . . Follow-up Attacks . | . . . . . . . Damage Inflicted 3377 | . 1063 971 545 299 362 137 Guns 628 | . 85 211 91 64 46 131 Cannons 979 | . . . 428 235 316 . Explosions 1718 | . 974 744 . . . . Melee . | . . . . . . . Ramming 52 | . 4 16 26 . . 6 Kinetic 1149 | . . . 467 235 316 131 Thermal 764 | . 391 211 52 64 46 . Explosive 1345 | . 601 744 . . . . Electromagnetic 67 | . 67 . . . . . Impact . | . . . . . . . Slashing . | . . . . . . . Piercing . | . . . . . . . Highest Corruption . | . . . . . . . Average Corruption . | . . . . . . . Corruption Purged . | . . . . . . . Overload Shots . | . . . . . . . Overflow Damage 65 | . 23 3 11 . 28 . Projectiles 28 | . . . . . 28 . Explosions 26 | . 23 3 . . . . Melee 11 | . . . 11 . . . Knockbacks 6 | . . . 4 2 . . Impact . | . . . . . . . Kinetic 6 | . . . 4 2 . . Secondary . | . . . . . . . Self-Inflicted Damage 63 | . . 50 10 . . 3 Shots 4 | . . 4 . . . . Rammed 11 | . 1 4 4 . . 2 Targets Rammed 13 | . 2 4 5 . . 2 Kicked . | . . . . . . . Crushed 2 | . 1 . 1 . . . Highest Temperature 426 | . 87 426 241 320 374 13 Average Temperature 121 | . 42 146 114 138 139 8 Received Heat Transfer 1260 | . 138 60 567 84 60 351 Effects 9 | . . 6 1 . 2 . Shutdowns 1 | . . 1 . . . . Energy Bleed 3 | . . 1 1 . 1 . Interference 4 | . . 4 . . . . Short Circuit 1 | . . . . . 1 . Siege Activations . | . . . . . . . Robots Corrupted . | . . . . . . . Combat Hostiles . | . . . . . . . Parts Fried . | . . . . . . . Impact Corruptions 2 | . . . 2 . . . Robots Melted . | . . . . . . . Combat Hostiles . | . . . . . . . Parts Melted 1 | . 1 . . . . . Heat Transferred 1525 | . 637 518 111 148 111 . Parts Sabotaged . | . . . . . . . Parts Stolen . | . . . . . . . Parts Stripped . | . . . . . . . Power Chain Reactions 2 | . 2 . . . . . Missiles Intercepted . | . . . . . . . Alert | -11 -10 -9 -8 -7 -7 -7 ------- Run | Scr Mat Mat Mat Fac Low Low Peak Influence 312 | . 196 312 192 161 . . Average Influence 130 | . 113 168 142 93 . . Maximum Alert Level 1 | . . 1 . . . . Low Security (%) 96 | 100 100 89 100 100 . . Level 1 3 | . . 10 . . . . Level 2 . | . . . . . . . Level 3 . | . . . . . . . Level 4 . | . . . . . . . Level 5 . | . . . . . . . High Security . | . . . . . . . Max Security . | . . . . . . . Squads Dispatched 2 | . . 1 1 . . . Investigation 1 | . . 1 . . . . Extermination . | . . . . . . . Reinforcement 1 | . . . 1 . . . Assault . | . . . . . . . Garrison . | . . . . . . . Intercept . | . . . . . . . Construction Impeded . | . . . . . . . Haulers Reinforced . | . . . . . . . Stealth | -11 -10 -9 -8 -7 -7 -7 --------- Run | Scr Mat Mat Mat Fac Low Low Distress Signals 2 | . . 1 1 . . . Communications Jammed . | . . . . . . . Distress Signals . | . . . . . . . Times Spotted 55 | . 9 16 14 3 7 6 Peak Tracking Total 8 | . 6 5 8 2 4 5 Tactical Retreats 1 | . . . . . . 1 Traps | -11 -10 -9 -8 -7 -7 -7 ------- Run | Scr Mat Mat Mat Fac Low Low Traps Triggered . | . . . . . . . Indirectly . | . . . . . . . Trap Hack Attempts . | . . . . . . . Triggered . | . . . . . . . Disarmed . | . . . . . . . Reprogrammed . | . . . . . . . Reused . | . . . . . . . Traps Extracted . | . . . . . . . Installed . | . . . . . . . Triggered . | . . . . . . . Machines | -11 -10 -9 -8 -7 -7 -7 ---------- Run | Scr Mat Mat Mat Fac Low Low Machines Disabled 4 | . . 3 1 . . . Max in Single Turn 1 | . . 1 1 . . . Machines Sabotaged . | . . . . . . . Garrisons Compromised . | . . . . . . . Overloaded Fab Kills . | . . . . . . . Fab Network Shutdowns . | . . . . . . . Hacking | -11 -10 -9 -8 -7 -7 -7 --------- Run | Scr Mat Mat Mat Fac Low Low Machines Accessed 13 | . 2 5 4 1 1 . Terminals 9 | . 1 4 3 . 1 . Fabricators . | . . . . . . . Repair Stations 2 | . . 1 . 1 . . Recycling Units 1 | . 1 . . . . . Scanalyzers . | . . . . . . . Garrison Access 1 | . . . 1 . . . Total Hacks 33 | . 4 15 9 2 3 . Successful 19 | . . 12 3 1 3 . Failed 13 | . 4 2 6 1 . . Catastrophic 1 | . . 1 . . . . Database Lockouts 1 | . . 1 . . . . Manual . | . . . . . . . Terminals 25 | . 2 13 7 . 3 . Fabricators . | . . . . . . . Repair Stations 4 | . . 2 . 2 . . Recycling Units 2 | . 2 . . . . . Scanalyzers . | . . . . . . . Garrison Access 2 | . . . 2 . . . Terminal Hacks 16 | . . 10 3 . 3 . Record 14 | . . 8 3 . 3 . Robot Analysis 1 | . . 1 . . . . Alert Level 1 | . . 1 . . . . Fabricator Hacks . | . . . . . . . Repair Station Hacks 3 | . . 2 . 1 . . Scan Component 2 | . . 1 . 1 . . Repair 1 | . . 1 . . . . Recycling Unit Hacks . | . . . . . . . Scanalyzer . | . . . . . . . Garrison Access Hacks . | . . . . . . . Unauthorized Hacks . | . . . . . . . Terminals . | . . . . . . . Fabricators . | . . . . . . . Repair Stations . | . . . . . . . Recycling Units . | . . . . . . . Scanalyzers . | . . . . . . . Garrison Access . | . . . . . . . Data Cores Recovered . | . . . . . . . Used . | . . . . . . . Hacking Detections 9 | . 2 3 4 . . . Full Trace Events 2 | . . 2 . . . . Feedback Events . | . . . . . . . Feedback Blocked . | . . . . . . . Robot Schematics Acquired . | . . . . . . . Robots Built . | . . . . . . . Matter . | . . . . . . . Time . | . . . . . . . Total Robot Build Rating . | . . . . . . . Part Schematics Acquired . | . . . . . . . Parts Built . | . . . . . . . Matter . | . . . . . . . Time . | . . . . . . . Total Part Build Rating . | . . . . . . . Parts Repaired 1 | . . 1 . . . . Time 13 | . . 13 . . . . Parts Recycled . | . . . . . . . Recycled Matter . | . . . . . . . Retrieved Matter . | . . . . . . . Retrieved Components . | . . . . . . . Parts Scanalyzed . | . . . . . . . Part Schematics Acquired . | . . . . . . . Parts Damaged . | . . . . . . . Bothacking | -11 -10 -9 -8 -7 -7 -7 ------------ Run | Scr Mat Mat Mat Fac Low Low Used RIF Installer . | . . . . . . . Robots Hacked . | . . . . . . . Non-combat . | . . . . . . . Combat . | . . . . . . . Robot Hacks Applied . | . . . . . . . Relay Couplers Released . | . . . . . . . Robots Rewired . | . . . . . . . Allies Hacked . | . . . . . . . Hacks Repelled . | . . . . . . . Allies | -11 -10 -9 -8 -7 -7 -7 -------- Run | Scr Mat Mat Mat Fac Low Low Total Allies . | . . . . . . . Largest Group . | . . . . . . . Highest-Rated Group . | . . . . . . . Highest-Rated Ally . | . . . . . . . Total Orders . | . . . . . . . Ally Attacks . | . . . . . . . Total Damage . | . . . . . . . Kills . | . . . . . . . Allies Corrupted . | . . . . . . . Allies Melted . | . . . . . . . Intel | -11 -10 -9 -8 -7 -7 -7 ------- Run | Scr Mat Mat Mat Fac Low Low Robot Analysis Total 1 | . . 1 . . . . Derelict Logs Recovered 2 | . . . . . 1 1 Drone Launches . | . . . . . . . Drone Recoveries . | . . . . . . . Exploration | -11 -10 -9 -8 -7 -7 -7 ------------- Run | Scr Mat Mat Mat Fac Low Low Turns Passed 2711 | 77 307 571 361 310 687 398 Spaces Moved 1828 | 41 163 299 196 240 627 262 Core 64 | 6 . . 19 . . 39 Treads 594 | 35 163 299 97 . . . Legs 119 | . . . . . . 119 Wheels 947 | . . . 80 240 627 . Hover . | . . . . . . . Flight 104 | . . . . . . 104 Fastest Speed 34 | 50 160 160 90 90 100 34 Average Speed 116 | 154 160 160 136 93 100 78 Slowest Speed 250 | 160 160 160 250 100 100 130 Overloaded Moves . | . . . . . . . Propulsion Burnouts . | . . . . . . . Robots Hopped . | . . . . . . . Cave-ins Triggered . | . . . . . . . Exploration Rate (%) 28 | 3 32 23 21 4 72 42 Regions Visited 6 Branch Regions 2 Pre-discovered Areas . | . . . . . . . Known Exits Taken . | . . . . . . . Unknown Exits Taken 6 | 1 1 1 1 1 1 . Scrap Searched 3 | . . . . . 2 1 Spaces Dug . | . . . . . . . Terrain Destroyed 107 | . 39 64 3 . 1 . Melee . | . . . . . . . Projectile 4 | . . . 3 . 1 . AOE 103 | . 39 64 . . . . Actions | -11 -10 -9 -8 -7 -7 -7 --------- Run | Scr Mat Mat Mat Fac Low Low Total 2268 | 55 191 353 251 313 652 453 Wait 238 | . . 13 . 55 1 169 Move 1822 | 40 162 298 195 239 626 262 Hop . | . . . . . . . Pick Up 47 | 9 6 4 11 11 6 . Fast Attach 4 | . 1 2 . 1 . . Attach 41 | 6 2 5 13 2 3 10 Detach 1 | . 1 . . . . . Swap . | . . . . . . . Drop 17 | . 2 3 4 . . 8 Fire 85 | . 15 24 23 5 16 2 Melee . | . . . . . . . Ram 2 | . . . 1 . . 1 Kick 1 | . . . . . . 1 Crush 10 | . 2 4 4 . . . Escape Stasis . | . . . . . . . Rewire . | . . . . . . . Trap . | . . . . . . . Miscellaneous . | . . . . . . . Route ------- -11/Scrapyard -10/Materials -9/Materials -8/Materials -7/Factory -7/Lower Caves -7/Lower Caves History --------- Turn | Location | Event 8 | -11/Scrapyard | Discovered new exit (range 15) 78 | -11/Scrapyard | Entered Materials 263 | -10/Materials | Discovered new exit (range 8) 308 | -10/Materials | Build established: Mutant 385 | -10/Materials | Entered another Materials area 385 | -9/Materials | Evolved 2 slots: Utility x2 511 | -9/Materials | Repaired Grenade Launcher 803 | -9/Materials | Discovered new exit (range 16) 910 | -9/Materials | Central database locked down 956 | -9/Materials | Entered another Materials area 956 | -8/Materials | Evolved 2 slots: Propulsion x1, Weapon x1 1167 | -8/Materials | Core integrity fell below 50% 1187 | -8/Materials | Lost 11 parts (1p3n3u4w) 1258 | -8/Materials | Discovered new exit (range 10) 1317 | -8/Materials | Entered Factory 1317 | -7/Factory | Evolved 2 slots: Propulsion x1, Utility x1 1576 | -7/Factory | Discovered new exit (range 3) 1627 | -7/Factory | Entered Lower Caves 1628 | -7/Lower Caves | Encountered a Warlord checkpoint 1678 | -7/Lower Caves | Build established: Gunner 1905 | -7/Lower Caves | Attracted the attention of an 0b10 checkpoint 2271 | -7/Lower Caves | Learned Factory trap positions 2275 | -7/Lower Caves | Discovered new exit (range 15) 2314 | -7/Lower Caves | Entered another Lower Caves area 2474 | -7/Lower Caves | Learned Factory stockpile data 2507 | -7/Lower Caves | Spotted B-75 Beast 2566 | -7/Lower Caves | Lost 3 parts (2n1u) 2636 | -7/Lower Caves | Core integrity fell below 50% 2648 | -7/Lower Caves | Lost 7 parts (1n3u3w) 2702 | -7/Lower Caves | Core integrity fell below 20% 2712 | -7/Lower Caves | Destroyed by B-75 Beast with Heavy Machine Gun Last Messages --------------- 02404_ Acquired 29 matter. 02474_ Acquired derelict log, extracted data. Data stored: Factory stockpile data. 02514_ VTOL Module destroyed. 02514_ Dropped VTOL Module. 02535_ System Shield destroyed. 02579_ Imp. Targeting Computer destroyed. 02581_ Barrage Gun destroyed. 02584_ Flak Gun destroyed. 02587_ Hvy. Assault Rifle destroyed. 02590_ Imp. Sensor Array destroyed. 02590_ Sml. Storage Unit destroyed. 02617_ Imp. Carbon-fiber Leg destroyed. 02673_ Targeting Computer destroyed. 02690_ Slammed into L-41 Fighter. 02690_ Destabilizing: Short circuit. 02690_ Imp. Titanium Leg permanently disabled. 02691_ Slammed into L-41 Fighter. 02692_ Imp. Titanium Leg destroyed. 02712_ Knocked back. Map ----- +----------------------------------------------------+ | ???????????????????????????????????????????#####?? | | ???????????????????????????????????????????# ##? | | ???????????????????????????????????????##### #? | | ??????????????????????????????????????? ## | | ???????????????????????????????????????# # | | ??????????????????????????????????????????# | | ?????????????????????????????????????????## | | ?????????????????????????????????????????# | | ?????????????????????????????????????????# | | ????????????????????????????????????????## | | ????????????????????????????????????????# | | ????????????????????????????????????????# #### | | ????????????????????????????????????????## #??? | | ?????????????????????????????????????????# ##??? | | ?????????????????????????????????????????# #???? | | ?????????????????????????????????????????# #???? | | ?????????????????????????????????????????# ##??? | | ?????????????????????????????????????????## #### | | ??????????????????????????????????????????# ## | | ??????????????????????????????????????????# | | ??????????????????????????????????????????# | | ??????????????????????????###?????????????# | | ??????????????????????????# ##????????????## | | ?????????????????????????## #?????????????# | | ??????????????????????#### #?????????????# | | ??????????????????????# @ ##?????????????# | | ??????????????????????# ##??????????????# | | ??????????????????????# #????? ##???????## | | ?????????????????????## ##???? ## ?????###### | | ?????????????????????# ##?? ??????????? | | ?????????????????????# #?? ??????????? | | ????????????#####????# #?? #########??? | | ???????????## ##???# ### #?# ## ##?? | | ???????????# #???## #??# ### | | ????????????# #######; #?## | | ????????????# ### ##; #### | | ????????????## # g #### ### #### | | ???????###### # # lBB ##??# #???# #??? | | ???????# # BB ##?## #???# #??? | | ???????# #### ### ###?# #??? | | ???????## ##### ### ### | | ????????## #?# | | ?????????#### ## ## | | ????????????# ## ### ### ###### ####### | | ????????????######?# #?## ##?####????# ###??????? | | ????????????????????###??###??????????###????????? | | ?????????????????????????????????????????????????? | | ?????????????????????????????????????????????????? | | ?????????????????????????????????????????????????? | | ?????????????????????????????????????????????????? | +----------------------------------------------------+ Best States ------------- Heat Dissipation 67 Energy Generation 14 Energy Capacity 275 Matter Stores 337 Matter Capacity 450 Sight Range 16 Terrain Scan Density 10 Armor Coverage 300 Evasion (%) 63 Targeting Accuracy 6 Recoil Reduction 3 Defensive Hacking 10 Item Schematics ----------------- None Robot Schematics ------------------ None Fabricated ------------ Nothing Alien Tech Used ----------------- None Achievements -------------- Librarian Novice Programmer Challenges ------------ None Game ------ Seed BurstMetafiberLaser Manual? 0 Play Time 00:37:22 Cumulative 4.1 hours Start 2019.11.13 @ 22:58:40 End 2019.11.13 @ 23:31:32 Sessions 1 Manual Loads 0 Difficulty Rogue Special Mode None Game No. 13 Rogue 13 Adventurer 0 Explorer 0 Win Type - Total 0 Types 0/0/0/0/0/0/0 Lore% 8 Gallery% 13 Achievement% 10 Wizard Run 0 Options --------- ASCII 1 Keyboard 0 Movement Arrows Keybinds 0 Fullscreen 0 Font 16/SmallcapsGlow Map View 76x50 Tactical HUD 1 Map Filters NONE Filters NONE Steam 1 RUN: ba4fc041-bdc5-4bf0-b309-ef0f33508c7f